 Dungeon Crawl Stone Soup version 0.29-a0-834-g1e95ca9f62 (webtiles) character file.

Game seed: 13543006808740246664

75756 buhh the Fighter (level 15, -26/114 HPs)
             Began as an Octopode Transmuter on July 12, 2022.
             Was an Elder of Cheibriados.
             Shot with a bolt by an orc warlord (40 damage)
             ... on level 2 of the Orcish Mines.
             The game lasted 00:25:39 (26055 turns).

buhh the Fighter (Octopode Transmuter)             Turns: 26055, Time: 00:25:40

Health: -26/114    AC:  1    Str: 20    XL:     15   Next: 51%
Magic:  14/31      EV: 22    Int: 31    God:    Cheibriados [****..]
Gold:   878        SH:  0    Dex: 24    Spells: 5/18 levels left

rFire   . . .      SeeInvis .     - Unarmed
rCold   . . .      Faith    .   (no shield)
rNeg    + . .      Spirit   .   (helmet restricted)
rPois   .          Reflect  .   L - amulet of regeneration
rElec   .          Harm     .   j - ring of willpower
rCorr   .          Rampage  .   I - ring of magical power
Will    ++...                   y - ring of positive energy
Stlth   ++++......              (no ring)
HPRegen 1.09/turn               (no ring)
MPRegen 0.22/turn               (no ring)
                                (no ring)
                                (no ring)

@: wereblooded (expiring), very slow
A: almost no armour, amphibious, 8 rings, camouflage 1, gelatinous body 1,
(nimble swimmer 1), tentacles
a: Renounce Religion, Bend Time, Temporal Distortion, Slouch


You were on level 2 of the Orcish Mines.
You worshipped Cheibriados.
Cheibriados was greatly pleased with you.
You visited 3 branches of the dungeon, and saw 20 of its levels.

You collected 1415 gold pieces.
You spent 537 gold pieces at shops.

Inventory:

Missiles
 i - 26 poisoned darts
 l - 3 throwing nets
 K - 4 curare-tipped darts
Armour
 x - a +2 buckler
 H - a +1 hat
Magical Staves
 D - a staff of fire
Jewellery
 j - a ring of willpower (left tentacle)
 y - a ring of positive energy (on tentacle)
 I - a ring of magical power (right tentacle)
 L - an amulet of regeneration (around mantle)
 N - an amulet of magic regeneration
Wands
 z - a wand of polymorph (10)
 C - a wand of iceblast (4)
 E - a wand of flame (43)
 F - a wand of charming (7)
 G - a wand of light (9)
Scrolls
 a - 4 scrolls of identify {!d}
 c - 10 scrolls of teleportation {!d!d}
 d - 6 scrolls of magic mapping {!d}
 f - 3 scrolls of fog
 g - 3 scrolls of amnesia
 h - 8 scrolls of enchant armour
 q - 2 scrolls of vulnerability
 A - 6 scrolls of noise
 B - a scroll of brand weapon
 M - a scroll of fear {!d}
Potions
 m - 2 potions of might
 n - a potion of lignification {!d}
 o - 2 potions of mutation {!q!d}
 p - a potion of invisibility {!d}
 r - 2 potions of cancellation {!q!d}
 s - a potion of resistance {!d}
 t - 2 potions of brilliance {!d}
 u - a potion of ambrosia {!d}
 v - 4 potions of curing {!d}
 w - 2 potions of heal wounds {!d}
 J - 3 potions of degeneration
 Z - 2 potions of flight
Miscellaneous
 e - a phial of floods


   Skills:
 * Level 14.5 Fighting
 - Level 11.0 Dodging
 - Level 2.0 Stealth
 * Level 14.5 Unarmed Combat
 - Level 2.0 Spellcasting
 + Level 10.8 Transmutations
 - Level 6.0 Ice Magic
 - Level 1.0 Poison Magic
 + Level 9.9 Invocations


You had 5 spell levels left.
You knew the following spells:

 Your Spells              Type           Power      Damage    Failure   Level
a - Beastly Appendage     Tmut           100%       N/A       1%          1
b - Wereblood             Tmut           63%        N/A       1%          2
c - Spider Form           Tmut/Pois      39%        N/A       1%          3
d - Ice Form              Ice/Tmut       53%        N/A       2%          4
e - Ozocubu's Armour      Ice            40%        N/A       1%          3

Your spell library contained the following spells:

 Spells                   Type           Power      Damage    Failure   Level
 Blade Hands              Tmut           31%        N/A       2%          5
 Ignite Poison            Fire/Tmut/Pois 27%        N/A       4%          3
 Apportation              Tloc           6%         N/A       8%          1
 Necrotise                Necr           12%        1d4       8%          1
 Shock                    Conj/Air       12%        1d3       8%          1
 Summon Small Mammal      Summ           12%        N/A       8%          1
 Alistair's Intoxication  Tmut/Pois      26%        N/A       19%         5
 Confusing Touch          Hex            3%         N/A       22%         3
 Conjure Flame            Conj/Fire      3%         6-21      22%         3
 Gell's Gravitas          Tloc           3%         N/A       22%         3
 Lesser Beckoning         Tloc           3%         N/A       22%         3
 Portal Projectile        Hex/Tloc       6%         N/A       22%         3
 Swiftness                Air            3%         N/A       22%         3
 Teleport Other           Tloc           3%         N/A       22%         3
 Tukima's Dance           Hex            3%         N/A       22%         3
 Yara's Violent Unravell  Hex/Tmut       18%        3d9       22%         5
 Metabolic Englaciation   Hex/Ice        10%        N/A       52%         5
 Airstrike                Air            1%         0-2+      58%         4
 Sticky Flame             Conj/Fire      3%         2d3       58%         4
 Simulacrum               Ice/Necr       10%        N/A       97%         6
 Dispersal                Tloc           1%         N/A       100%        6
 Enfeeble                 Hex            1%         N/A       100%        7
 Disjunction              Tloc           1%         N/A       100%        8


Dungeon Overview and Level Annotations

Branches:
Dungeon (12/15) Zot: 38856  Temple (0/1) D:7            Lair (6/6) D:10 Zot: 36588
  Swamp (0/4) Lair:2       Spider (0/4) Lair:4          Orc (2/2) D:9 Zot: 16706
    Elf (0/3) Orc:2
  Slime: Lair:5-6

Altars:
Ashenzari
Cheibriados
Makhleb
Okawaru
Ru
Sif Muna
Trog
Uskayaw
Wu Jian
Xom
Yredelemnul
Zin
The Shining One

Shops:
D:1 =   D:3 *?   D:4 *   D:8 ?   D:11 ?   Orc:2 [?[

Annotations:
D:4 1 runed translucent door, exclusion: 2 jellies, Crazy Yiuf
D:7 exclusion: downstairs
D:8 Erica
D:10 2 transporters, Encipher's ghost, journeyman OpTm
Lair:2 exclusions: downstairs and 1 more exclusion
Lair:4 3 runed translucent doors, Camp's ghost, journeyman OgIE
Lair:5 exclusion: 2 oklob plants


Innate Abilities, Weirdness & Mutations

You cannot wear most types of armour.
You are amphibious.
You can wear up to eight rings at the same time.
Your skin changes colour to match your surroundings (Stealth+).
Your rubbery body absorbs attacks. (AC +1, EV +1)
((You are camouflaged when in or above water. (Stealth+)))
You have tentacles for arms and can constrict up to eight enemies at once.


Message History

The orc sorcerer no longer looks unusually strong.
The orc warrior no longer looks unusually strong.
The orc wizard mumbles some strange words.
The orc wizard flickers and vanishes!
Deactivating autopickup; reactivate with Ctrl-A.
You feel less wooden.
The orc warlord roars a battlecry!
The orc sorcerer goes into a battle-frenzy!
Things that are here:
a +0 flail; a +0 leather armour; an orc corpse The orc no longer looks unusually strong.
You see here a +0 troll leather armour.
As you read the scroll of teleportation {!d!d}, it crumbles to dust.
You feel strangely unstable.
Your primal bloodlust is almost over.
The orc warlord roars a battlecry!
The orc goes into a battle-frenzy!
The orc sorcerer points at you and mumbles some strange words.
The bolt of fire misses you.
Things that are here:
3 curare-tipped darts; a +2 short sword of draining
Found Cogob's Antique Armour Emporium.
Your surroundings seem slightly different.
The red devil disappears in a puff of smoke!
The orc warlord unwields a +0 arbalest.
The orc warlord wields a +3 war axe.
The orc warlord hits you with a +3 war axe!
The stone giant hits you.
The orc warlord hits you with a +3 war axe!!
* * * LOW HITPOINT WARNING * * *
You step out of the flow of time.
You return to the normal time flow.
You can no longer step out of the flow of time.
Cheibriados lowers the support of your attributes as your movement quickens.
The warg howls!
The orc shouts!
The orc warlord shouts!
The orc wizard shouts!
The orc shouts!
You hear a shout!
The orc wizard casts a spell at you. The puff of flame hits you.
* * * LOW HITPOINT WARNING * * *
The orc warlord unwields a +3 war axe.
The orc warlord wields a +0 arbalest.
The orc warlord shoots a bolt.
The bolt hits you!!!
You die...

...##............#....
..>.....[..............
.......................
...............#........
...$....)...)#...)......
.............)[[).......
.............))<))...[..
.........).)..o)........
........@h.)....).......
......))))..[.......[.[.
......).o.......$[....).
......)))∩[o.)o.<.....[.
.........[.[.o..........
..........(.#...........
...................$....
.................#...#..
...........∩.#...#


You could see an orc warlord, a warg, an orc warrior (wandering), an orc wizard
and 2 orcs.

Vanquished Creatures
  Gastronok (Lair:3)
  An orc warlord (Orc:2)
  2 boulder beetles (D:11)
  3 hydras
  2 ogre magi (Orc:2)
  2 death yaks (Lair:2)
  9 two-headed ogres
  Sonja (Orc:2)
  A skeletal warrior (D:10)
  2 deep trolls (Orc:2)
  2 orc knights (Orc:1)
  2 wolf spiders (Lair:6)
  A deep elf pyromancer (D:12)
  A cyclops (D:9)
  14 elephants
  Joseph (D:8)
  A guardian serpent (Lair:6)
  15 black mambas
  A torpor snail (Lair:2)
  12 cane toads
  A gargoyle (D:12)
  Maggie (D:8)
  12 komodo dragons
  4 rime drakes
  6 hornets
  7 polar bears (Lair:5)
  11 trolls
  24 blink frogs
  6 dream sheep (Lair:5)
  12 spriggans (Lair:4)
  15 wyverns
  83 yaks
  3 wraiths (D:12)
  3 redbacks (Lair:6)
  4 basilisks
  3 steam dragons
  4 vampire mosquitoes (Lair:6)
  2 wargs
  A swamp worm (Lair:2)
  An acid dragon (D:12)
  14 water moccasins
  2 swamp drakes (Lair:6)
  14 orc warriors
  4 black bears
  2 ice beasts
  22 ogres
  3 boggarts (Lair:4)
  25 wolves
  6 centaurs
  A kobold brigand (D:8)
  11 bullfrogs
  A gnoll sergeant (D:9)
  3 scorpions
  A necrophage (D:7)
  4 wights (D:9)
  8 killer bees
  2 howler monkeys (D:8)
  3 electric eels
  6 hounds
  2 gnoll boudas
  11 orc priests
  4 iguanas
  14 orc wizards
  4 hell rats (Lair:5)
  Robin (D:2)
  10 gnolls
  6 adders
  2 shadow imps
  4 white imps
  A worm (D:3)
  A dart slug (D:1)
  55 orcs
  8 bats
  9 endoplasms
  4 giant cockroaches
  17 goblins
  9 hobgoblins
  4 jackals (D:3)
  13 kobolds
  3 quokkas
  7 ball pythons
  4 frilled lizards
  4 rats
606 creatures vanquished.

Vanquished Creatures (collateral kills)
  A jelly (D:4)
1 creature vanquished.

Vanquished Creatures (others)
  2 bushes
  80 fungi
  131 plants
213 creatures vanquished.

Grand Total: 820 creatures vanquished

Notes
Turn   | Place    | Note
-------+----------+-------------------------------------------
     0 | D:1      | buhh the Octopode Transmuter began the quest for the Orb.
     0 | D:1      | Reached XP level 1. HP: 13/13 MP: 3/3
    86 | D:1      | Found Bokkoem's Jewellery Shop.
   156 | D:1      | Reached XP level 2. HP: 18/18 MP: 3/5
   200 | D:1      | Reached skill level 1 in Stealth
   200 | D:1      | Reached skill level 1 in Poison Magic
   580 | D:1      | Reached XP level 3. HP: 23/23 MP: 4/6
  1800 | D:2      | Noticed Robin
  1827 | D:2      | Killed Robin
  1828 | D:2      | Reached XP level 4. HP: 25/29 MP: 7/7
  2320 | D:3      | Found Zef Syesett's Magic Scroll Boutique.
  2341 | D:3      | Bought a scroll of teleportation for 30 gold pieces
  2341 | D:3      | Bought a scroll of teleportation for 30 gold pieces
  2341 | D:3      | Bought a scroll of identify for 20 gold pieces
  2341 | D:3      | Bought a scroll of identify for 20 gold pieces
  2341 | D:3      | Bought a scroll of identify for 20 gold pieces
  2354 | D:3      | Found a basalt altar of Yredelemnul.
  2914 | D:3      | Found an iron altar of Okawaru.
  3013 | D:3      | Found Roob Okk's Assorted Antiques.
  3116 | D:3      | Reached XP level 5. HP: 34/35 MP: 8/8
  3159 | D:3      | Found a snail-covered altar of Cheibriados.
  3168 | D:3      | Became a worshipper of Cheibriados the Contemplative
  3372 | D:4      | Found Xurolu's Elemental Accessories.
  4033 | D:4      | Found a runed translucent door.
  4034 | D:4      | Noticed Crazy Yiuf
  4459 | D:5      | Entered Level 5 of the Dungeon
  4504 | D:5      | Learned a level 2 spell: Wereblood
  4508 | D:5      | Learned a level 3 spell: Spider Form
  4745 | D:5      | Reached XP level 6. HP: 37/42 MP: 9/9
  4941 | D:6      | Noticed a black bear
  4951 | D:6      | Reached * piety under Cheibriados
  4972 | D:6      | Reached skill level 5 in Unarmed Combat
  4972 | D:6      | Reached XP level 7. HP: 27/48 MP: 10/10
  5556 | D:5      | Noticed Blork the orc
  5581 | D:5      | Noticed Blork
  5582 | D:5      | Noticed Blork
  5582 | D:5      | Blork the gnoll changed into Blork the bat
  5597 | D:5      | Killed Blork the bat
  5680 | D:5      | Reached skill level 5 in Dodging
  5960 | D:5      | Reached XP level 8. HP: 44/54 MP: 11/11
  6175 | D:6      | Reached skill level 5 in Fighting
  6229 | D:6      | Found a shimmering altar of Xom.
  6809 | D:6      | Reached ** piety under Cheibriados
  7195 | D:7      | Found a broken altar of Ashenzari.
  7562 | D:7      | Found a staircase to the Ecumenical Temple.
  8256 | D:8      | Noticed a yak
  8256 | D:8      | Noticed a yak
  8256 | D:8      | Noticed a yak
  8256 | D:8      | Noticed a yak
  8256 | D:8      | Noticed a yak
  8256 | D:8      | Noticed a yak
  8584 | D:8      | Killed a yak
  8585 | D:8      | Reached XP level 9. HP: 44/63 MP: 9/12
  8600 | D:8      | Found Piurutyo's Magic Scroll Shoppe.
  8606 | D:8      | Reached skill level 1 in Ice Magic
  8606 | D:8      | Bought a scroll of blinking for 105 gold pieces
  8606 | D:8      | Bought a scroll of identify for 28 gold pieces
  8606 | D:8      | Bought a scroll of poison for 56 gold pieces
  8812 | D:8      | Found a hide-covered altar of Uskayaw.
  8907 | D:8      | Noticed Joseph
  8925 | D:8      | Killed Joseph
  8926 | D:8      | Reached skill level 5 in Ice Magic
  9365 | D:8      | Noticed Maggie
  9378 | D:8      | Killed Maggie
  9511 | D:8      | Learned a level 4 spell: Ice Form
  9550 | D:8      | Reached XP level 10. HP: 27/71 MP: 13/13
  9557 | D:8      | Reached skill level 5 in Transmutations
 10029 | D:8      | Noticed Erica
 10160 | D:9      | Found a staircase to the Orcish Mines.
 10242 | D:9      | Reached *** piety under Cheibriados
 10535 | D:9      | Reached skill level 1 in Invocations
 11215 | D:10     | Entered Level 10 of the Dungeon
 11225 | D:9      | Reached **** piety under Cheibriados
 11480 | D:10     | Found a staircase to the Lair.
 11523 | D:10     | Found a glowing golden altar of the Shining One.
 12180 | D:10     | Reached XP level 11. HP: 77/77 MP: 14/14
 12232 | Lair:1   | Entered Level 1 of the Lair of Beasts
 12759 | Lair:1   | Reached ***** piety under Cheibriados
 12970 | Lair:1   | Found a burning altar of Makhleb.
 13642 | Lair:2   | Noticed a death yak
 13651 | Lair:2   | Learned a level 3 spell: Ozocubu's Armour
 13690 | Lair:2   | Noticed a death yak
 13699 | Lair:2   | Killed a death yak
 13704 | Lair:2   | Killed a death yak
 13705 | Lair:2   | Reached XP level 12. HP: 73/86 MP: 12/15
 14284 | Lair:2   | Found a staircase to the Swamp.
 14959 | Lair:3   | Noticed Gastronok
 15169 | Lair:3   | Reached skill level 5 in Invocations
 15451 | Lair:3   | Reached skill level 10 in Fighting
 15684 | Lair:3   | Reached skill level 10 in Dodging
 15688 | Lair:3   | Reached skill level 10 in Unarmed Combat
 15874 | Lair:3   | Killed Gastronok
 16543 | Lair:4   | Found a hole to the Spider Nest.
 16564 | Lair:4   | Reached ****** piety under Cheibriados
 16574 | Lair:4   | Reached XP level 13. HP: 44/94 MP: 8/17
 17663 | Lair:4   | Found a runed translucent gate.
 17663 | Lair:4   | Found a runed translucent gate.
 17663 | Lair:4   | Found a runed translucent gate.
 17669 | Lair:4   | Noticed a minotaur
 17683 | Lair:4   | Noticed Camp's ghost (journeyman OgIE)
 19735 | Lair:5   | Reached XP level 14. HP: 104/104 MP: 17/19
 19981 | Lair:6   | Entered Level 6 of the Lair of Beasts
 20664 | Lair:6   | Identified the +1 leather armour of the Weaver {rC+}
 21813 | Lair:6   | Reached skill level 10 in Transmutations
 22923 | D:10     | Found a transporter.
 22927 | D:10     | Noticed Encipher's ghost (journeyman OpTm)
 22943 | D:10     | Found a transporter.
 22961 | D:10     | Found an ornate altar of the Wu Jian Council.
 22967 | D:10     | Found a shimmering blue altar of Sif Muna.
 22976 | D:10     | Found a bloodstained altar of Trog.
 22977 | D:10     | Found a glowing silver altar of Zin.
 22977 | D:10     | Found a sacrificial altar of Ru.
 23075 | D:11     | Found Gickulud's Magic Scroll Shoppe.
 23083 | D:11     | Bought a scroll of blinking for 90 gold pieces
 23083 | D:11     | Bought a scroll of identify for 24 gold pieces
 23083 | D:11     | Bought a scroll of magic mapping for 90 gold pieces
 23083 | D:11     | Bought a scroll of identify for 24 gold pieces
 23969 | D:12     | Reached XP level 15. HP: 112/112 MP: 21/21
 24489 | Orc:1    | Entered Level 1 of the Orcish Mines
 24671 | Orc:2    | Entered Level 2 of the Orcish Mines
 24671 | Orc:2    | Noticed Sonja
 24671 | Orc:2    | Found Siuteax's Magic Scroll Shoppe.
 24674 | Orc:2    | Killed Sonja
 25974 | Orc:2    | Found a staircase to the Elven Halls.
 25994 | Orc:2    | Found Agamnes's Antique Armour Shop.
 25997 | Orc:2    | Noticed an orc warlord
 26012 | Orc:2    | Killed an orc warlord
 26025 | Orc:2    | Noticed an orc warlord
 26054 | Orc:2    | Found Cogob's Antique Armour Emporium.
 26055 | Orc:2    | Shot with a bolt by an orc warlord

Illustrated notes

Levels and vault maps discovered:
D:1:      lightli_arrival_windingriver, layout_basic, serial_shops, shop,
          minmay_pentomino_w4
D:2:      layout_rooms, uniq_robin
D:3:      layout_basic, mainiacjoe_overflow_small_starburst,
          yredelemnul_altar_generic, okawaru_trees_2, serial_shops, shop, shop,
          grunt_ministairs_13, kennysheep_generic_room_16
D:4:      layout_basic, nicolae_elemental_shop, uniq_crazy_yiuf_cottage
D:5:      layout_basic, hangedman_abyss_or_decor_jellyfish_corner,
          uniq_blork_the_orc
D:6:      layout_cave_pools, xom_butterflies
D:7:      layout_loops_cross, evilmike_ruin_ashenzari, minmay_temple_entry_mist,
          kennysheep_generic_room_4
D:8:      layout_gridville, nicolae_uskayaw_murder_on_the_dancefloor,
          serial_shops, nicolae_shop_statue_plus, uniq_maggie, uniq_erica,
          uniq_joseph
D:9:      layout_small_grid, orc_0_dummy, chequers_serial_rivers_micro_c
D:10:     layout_cave_pools, grunt_temple_overflow_open,
          nicolae_tso_carved_into_rock, chequers_temple_overflow_minitemple,
          erik_lair_island, gammafunk_ghost_berserking_beasts
D:11:     layout_gridville, serial_shops, nicolae_shop_hallway_plus
D:12:     layout_long_grid
Lair:1:   layout_misc_corridors, lemuel_centaur_altar, grunt_megastairs_4
Lair:2:   layout_cave_pods, minmay_swamp_entry_worms
Lair:3:   layout_cave_pods, grunt_megastairs_3, lemuel_fruit_tree,
          uniq_gastronok
Lair:4:   kb_forest_paths, layout_regular_city, spider_nest_entry_web_field,
          maelrawn_ghost_gauntlet_escape, infiniplex_staircase_pool,
          serial_bayou_shore_b
Lair:5:   layout_roguey, minmay_slime_entry_oklob_enclosed, beast_lair_carwin_4
Lair:6:   hangedman_lair_tendril_chambers, layout_cave_pods, wad_woods_river_03,
          pond, infiniplex_staircase_pool_2
Orc:1:    layout_caves, serial_shops, shop, nicolae_shop_gadgets
Orc:2:    st_orc_open, layout_caves, uniq_sonja

Skill      XL: |  1  2  3  4  5  6  7  8  9 10 11 12 13 14 15 |
---------------+----------------------------------------------+-----
Stealth        | 1 2 |  2.0
Poison Magic   | 1 |  1.0
Fighting       | 2 3 4 6 7 8 9 10 12 13 14 | 14.5
Dodging        | 3 4 5 7 8 9 10 11 | 11.0
Unarmed Combat | 4 5 7 8 9 10 12 13 14 | 14.5
Ice Magic      | 6 |  6.0
Transmutations | 4 6 7 8 9 10 | 10.8
Invocations    | 2 4 6 7 9 |  9.9
Spellcasting   | |  2.0

Action                   |  1- 3 |  4- 6 |  7- 9 | 10-12 | 13-15 || total
-------------------------+-------+-------+-------+-------+-------++-------
Melee: Unarmed           |    74 |   131 |   183 |   379 |   617 ||  1384
       Tentacles         |    14 |    18 |    14 |       |     1 ||    47
       Kick              |    13 |    24 |    16 |       |       ||    53
       Constrict         |    15 |    27 |    15 |       |       ||    57
       Punch             |     3 |     3 |     5 |       |     2 ||    13
 Cast: Beastly Appendage |    19 |    35 |    22 |       |       ||    76
       Spider Form       |       |     2 |    17 |       |       ||    19
       Wereblood         |       |     1 |     4 |    10 |    20 ||    35
       Ice Form          |       |       |     1 |    61 |   110 ||   172
       Ozocubu's Armour  |       |       |       |     7 |     6 ||    13
Invok: Slouch            |       |       |       |     2 |    11 ||    13
       Step From Time    |       |       |       |       |     5 ||     5
Evoke: Wand              |       |       |     5 |     1 |     2 ||     8
       Phial of floods   |       |       |       |     1 |       ||     1
  Use: Scroll            |     6 |     8 |     4 |     2 |    16 ||    36
       Potion            |     3 |     2 |    11 |     2 |     2 ||    20
 Stab: Sleeping          |     7 |    10 |     4 |     2 |     7 ||    30
       Confused          |       |       |       |       |     1 ||     1
Armor: Skin              |    98 |    52 |    26 |   119 |   167 ||   462
Dodge: Dodged            |    38 |    52 |   167 |   294 |   627 ||  1178
Block: Buckler           |       |    27 |       |       |       ||    27

Table legend: (Time is in decaauts)
 A = Elapsed time spent in this place.
 B = Non-inter-level travel time spent in this place.
 C = Inter-level travel time spent in this place.
 D = Time resting spent in this place.
 E = Time spent auto-exploring this place.
 F = Levels seen in this place.
 G = Mean time per level.
                   A        B        C        D        E       F      G
               +--------+--------+--------+--------+--------+-----+--------+
         Total |  33698 |  32260 |   1438 |   2220 |  25886 |  20 | 1684.9 |
       Dungeon |  17297 |  16673 |    624 |   1464 |  13098 |  12 | 1441.4 |
          Lair |  15107 |  14316 |    791 |    229 |  12387 |   6 | 2517.8 |
  Orcish Mines |   1292 |   1270 |     22 |    527 |    400 |   2 |  646.0 |
               +--------+--------+--------+--------+--------+-----+--------+

Top non-repeatable levels by time:
  Lair:6: 3663 daAuts
  Lair:5: 2651 daAuts
  Lair:3: 2598 daAuts
  Lair:2: 2499 daAuts
     D:9: 2254 daAuts
     D:8: 2045 daAuts
  Lair:4: 1974 daAuts
     D:5: 1820 daAuts
  Lair:1: 1720 daAuts
     D:1: 1531 daAuts
     D:7: 1472 daAuts
     D:4: 1380 daAuts
     D:6: 1297 daAuts
    D:11: 1269 daAuts
    D:10: 1234 daAuts
